Map: Eternal Empire LE

Players

True

  • Race: Zerg Zerg
  • Spawn Location: 7:00

ShoWTimE - Winner!

  • Race: Protoss Protoss
  • Spawn Location: 1:00

Event: StayAtHomestory Cup #1

VOD

Have the link to the VOD?

Description

Time

  • Played on: April 10, 2020, 5:23 a.m.
  • Length: 10:14

All games in this series

Show
View Real Time Build Order
Export as new Build Order

True Zerg 

Build Orders: Hatch First 

Get SALT Encoding   

  12  0:01  Drone  
  13  0:12  Overlord  
  13  0:17  Drone  
  14  0:30  Drone  
  14  0:31  Drone  
  16  0:48  Hatchery  
  15  0:51  Drone  
  15  0:55  Drone  
  17  0:58  Drone  
  18  1:14  Spawning Pool  
  18  1:16  Drone  
  18  1:19  Extractor  
  18  1:21  Drone  
  18  1:28  Drone  
  19  1:38  Drone  
  20  1:49  Hatchery  
  20  1:53  Drone  
  20  2:00  Drone x2  
  22  2:10  Queen  
  24  2:17  Drone  
  24  2:21  Queen  
  27  2:26  Overlord  
  27  2:29  Zergling x2  
  28  2:44  Drone x5  
  28  2:46  Queen  
  35  2:54  Overlord  
  35  2:55  Drone  
  36  3:00  Queen  
  36  3:03  Drone  
  36  3:05  Drone  
  40  3:06  Drone  
  40  3:12  Drone  
  42  3:14  Queen  
  42  3:16  Drone  
  42  3:18  Drone  
  46  3:23  Drone  
  47  3:27  Drone x2  
  49  3:34  Overlord  
  49  3:38  Overlord  
  49  3:40  Drone  
  50  3:48  Overlord  
  50  3:53  Drone x2  
  50  3:54  Drone  
  53  3:56  Drone x3  
  53  3:57  Queen  
  53  3:58  Lair  
  58  4:03  Roach Warren  
  58  4:07  Drone  
  58  4:08  Drone x2  
  60  4:12  Extractor x2  
  60  4:15  Drone x5  
  63  4:19  Overlord  
  63  4:25  Overlord x3  
  63  4:31  Overlord  
  62  4:36  Overlord  
  62  4:37  Drone x2  
  62  4:38  Drone x3  
  60  4:42  Drone  
  60  4:43  Drone  
  60  4:45  Drone  
  59  4:48  Drone  
  59  4:50  Drone  
  59  4:51  Drone  
  62  4:54  Drone x2  
  62  4:57  Drone x2  
  62  4:59  Drone  
  67  5:01  Drone  
  68  5:07  Drone  
  68  5:10  Drone x2  
  68  5:11  Glial Reconstitution  
  71  5:15  Extractor  
  71  5:16  Extractor  
  71  5:17  Extractor  
  68  5:22  Queen  
  68  5:23  Queen  
  68  5:27  Spore Crawler  
  68  5:28  Spore Crawler  
  68  5:36  Drone x9  
  77  5:43  Spire  
  76  5:50  Overlord  
  76  5:53  Roach x6  
  76  5:54  Roach  
  76  5:55  Roach  
  92  5:59  Drone  
  91  6:06  Overlord  
  91  6:07  Overlord  
  90  6:11  Overlord  
  90  6:14  Overlord  
  90  6:16  Overlord  
  90  6:19  Overlord  
  90  6:25  Drone x2  
  92  6:26  Drone x2  
  92  6:27  Drone  
  92  6:28  Drone  
  94  6:38  Hatchery  
  93  6:44  Metabolic Boost  
  92  6:55  Mutalisk x8  
  108  7:07  Zerg Flyer Weapons Level 1  
  108  7:09  Drone x2  
  108  7:10  Drone  
  108  7:13  Drone x3  
  114  7:20  Zergling x2, Overlord x2  
  114  7:21  Zergling x16  
  123  7:25  Unknown  
  122  7:39  Drone  
  123  7:47  Corruptor x7  
  123  7:51  Corruptor, Hatchery  
  138  8:11  Zergling x28  
  138  8:12  Zergling x4  
  154  8:14  Zergling x2  
  154  8:15  Zergling x2  
  156  8:22  Zergling x2  
  156  8:24  Zergling x2  
  155  8:27  Zergling x2  
  150  8:42  Mutalisk x6  
  150  8:46  Overlord  
  162  8:48  Overlord  
  162  8:52  Overlord  
  162  8:55  Overlord  
  162  8:58  Overlord  
  160  9:05  Hatchery  
  145  9:10  Mutalisk x2  
  145  9:11  Mutalisk  
  145  9:14  Mutalisk  
  145  9:15  Mutalisk x2  
  145  9:16  Mutalisk  
  137  9:17  Mutalisk  
  137  9:18  Mutalisk  
  137  9:20  Mutalisk  
  128  9:29  Mutalisk  
  111  9:35  Zergling x6  
  111  9:38  Mutalisk  
  97  9:47  Zergling x2  
  97  9:48  Zergling x2  
  93  9:55  Zergling x2  
Show
View Real Time Build Order
Export as new Build Order

ShoWTimE Protoss - Winner!

Build Orders: 1 Gate Expand, Oracle Opening, Phoenix Opening, Zealot Archon 

Get SALT Encoding   

  12  0:00  Probe  
  13  0:12  Probe  
  14  0:19  Pylon  
  14  0:24  Probe  
  15  0:37  Probe (Chrono Boost)  
  15  0:38  Gateway  
  16  0:46  Probe (Chrono Boost)  
  16  0:47  Assimilator  
  17  0:51  Probe  
  18  1:03  Probe  
  19  1:15  Probe  
  20  1:25  Nexus  
  20  1:29  Probe  
  21  1:39  Cybernetics Core  
  21  1:44  Assimilator  
  21  1:47  Probe  
  22  1:56  Pylon  
  22  1:59  Probe  
  23  2:12  Adept (Chrono Boost)  
  23  2:14  Probe  
  26  2:20  Stargate  
  26  2:23  Warp Gate  
  26  2:26  Probe  
  27  2:35  Stalker  
  29  2:38  Probe (Chrono Boost)  
  29  2:39  Probe (Chrono Boost)  
  31  2:48  Probe x2 (Chrono Boost)  
  33  2:53  Probe x2 (Chrono Boost)  
  35  3:03  Oracle (Chrono Boost)  
  35  3:04  Probe  
  35  3:05  Probe  
  40  3:13  Pylon  
  40  3:17  Probe x2  
  42  3:26  Gateway  
  42  3:29  Probe x2  
  42  3:30  Oracle (Chrono Boost)  
  47  3:37  Assimilator  
  47  3:39  Pylon  
  47  3:41  Probe x2  
  49  3:53  Probe x2, Assimilator  
  51  3:58  Phoenix  
  53  4:05  Probe x2  
  53  4:08  Robotics Facility  
  55  4:10  Pylon  
  55  4:14  Adept  
  57  4:17  Probe x2  
  57  4:20  Adept  
  61  4:26  Oracle (Chrono Boost)  
  61  4:29  Probe  
  61  4:30  Probe  
  66  4:34  Pylon  
  66  4:41  Probe  
  67  4:46  Probe  
  67  4:47  Nexus  
  68  4:53  Probe  
  68  4:54  Shield Battery  
  68  4:55  Observer  
  70  5:00  Sentry x2  
  70  5:04  Probe  
  70  5:05  Probe  
  70  5:06  Pylon  
  76  5:16  Probe  
  76  5:18  Probe  
  78  5:21  Immortal (Chrono Boost)  
  78  5:24  Pylon  
  78  5:27  Forge, Twilight Council  
  82  5:28  Probe  
  82  5:30  Probe  
  81  5:40  Probe, Assimilator  
  81  5:42  Probe  
  83  5:45  Sentry x2, Assimilator  
  83  5:49  Gateway  
  87  5:52  Gateway  
  87  5:53  Probe  
  87  5:54  Probe  
  89  5:58  Immortal (Chrono Boost)  
  93  6:05  Probe, Charge  
  93  6:08  Protoss Ground Weapons Level 1 (Chrono Boost)  
  93  6:10  Probe x2  
  96  6:23  Gateway  
  96  6:26  Gateway, Templar Archives  
  96  6:27  Probe  
  97  6:35  Warp Prism (Chrono Boost)  
  99  6:40  Probe x2  
  99  6:41  Probe  
  99  6:42  Gateway  
  99  6:43  Gateway  
  102  6:48  Photon Cannon  
  102  6:57  Probe x3  
  102  6:59  Photon Cannon  
  102  7:00  Phoenix (Chrono Boost)  
  107  7:04  Photon Cannon  
  107  7:08  Photon Cannon, Shield Battery  
  107  7:14  Pylon  
  107  7:15  Photon Cannon  
  107  7:16  Pylon  
  107  7:17  Pylon  
  107  7:22  Phoenix (Chrono Boost), Photon Cannon  
  107  7:25  Shield Battery  
  109  7:33  High Templar x4, Pylon  
  109  7:34  High Templar x2  
  121  7:37  Archon x3  
  121  7:40  Phoenix  
  123  7:52  Pylon  
  123  7:53  Nexus  
  123  7:54  Pylon  
  123  8:06  High Templar x2  
  123  8:07  Zealot x2  
  123  8:08  Zealot  
  123  8:09  Zealot x3  
  123  8:11  Photon Cannon  
  139  8:13  Pylon  
  139  8:14  Archon  
  139  8:19  Phoenix  
  141  8:30  Pylon  
  141  8:31  Pylon  
  141  8:32  Zealot x2  
  141  8:33  Zealot x4  
  151  8:45  Photon Cannon  
  151  8:47  Photon Cannon  
  151  8:52  Zealot x2  
  151  8:53  Zealot x3  
  161  8:57  Probe  
  161  8:58  Probe x2  
  164  9:05  Stalker x3  
  152  9:20  Zealot x5  
  149  9:30  Stalker x3  
  149  9:39  Probe x3  
  149  9:40  Assimilator  
  149  9:42  Stalker x3  
  149  9:45  Assimilator  
  150  10:03  Stalker x3  
  150  10:04  Stalker x2  
Tags
 
Add a new tag
Caveats
  • Supply blocks, unpowered buildings, or Contaminate may cause inaccurate times.
  • Supply counts are checked every 10 seconds.